 Dungeon Crawl Stone Soup version 0.31-a0-214-gb37851d (webtiles) character file.

Game seed: 9665706329800698810

2041 lyrin the Magician (level 9, -1/62 HPs)
             Began as a Djinni Warper on July 1, 2023.
             Was an Initiate of Elyvilon.
             Slain by an orc warrior
             ... wielding a +0 battleaxe
              (16 damage)
             ... on level 7 of the Dungeon.
             The game lasted 00:12:35 (5950 turns).

lyrin the Magician (Djinni Warper)                  Turns: 5950, Time: 00:12:36

Health: -1/62      AC:  7    Str: 10    XL:     9   Next: 48%
Gold:   314        EV: 13    Int: 23    God:    Elyvilon [......] SH:  4 Dex: 15

rFire   + + +        A - +0 falchion (antimagic)
rCold   x . .        s - +0 buckler
rNeg    . . .        u - +2 leather armour {rF+}
rPois   ∞            (no helmet)
rElec   .            H - +0 cloak
rCorr   .            D - +0 pair of gloves
SInv    .            (boots unavailable)
Will    .....        n - amulet of regeneration
Stlth   +            o - +6 ring of intelligence
HPRegen 1.10/turn    (no ring)
MPRegen 0.00/turn

%: infuse magic (-2 HP)
@: flying
A: sickness immunity, fire resistance 2, cold vulnerability 1, float, innate
caster, HP casting, extra vitality 1
a: Renounce Religion


You were on level 7 of the Dungeon.
You worshipped Elyvilon.
Elyvilon was noncommittal.
You visited 2 branches of the dungeon, and saw 8 of its levels.

You collected 314 gold pieces.

Inventory:

Hand Weapons
 a - a +0 falchion
 A - a +0 antimagic falchion (weapon)
Missiles
 d - 11 boomerangs of dispersal
 w - 10 poisoned darts (quivered)
Armour
 b - a scarf of resistance
 q - the scarf "Vuoloeba" {+Inv, rPois Will++ Str-4}
   (You found it on level 2 of the Dungeon)

   Str:       It affects your strength (-4).
   rPois:     It protects you from poison.
   Will:      It greatly increases your willpower.
 s - a +0 buckler (worn)
 u - a +2 leather armour of fire resistance (worn)
 D - a +0 pair of gloves (worn)
 H - a +0 cloak (worn)
Jewellery
 n - an amulet of regeneration (around neck)
 o - a +6 ring of intelligence (left hand)
 p - an amulet of the acrobat
Wands
 c - a wand of flame (25)
 x - a wand of mindburst (6)
 G - a wand of roots (17)
Scrolls
 e - 2 scrolls of enchant weapon {unknown}
 f - a scroll of amnesia {unknown}
 g - 4 scrolls of immolation {unknown}
 h - 6 scrolls of identify {unknown}
 k - a scroll of enchant armour {unknown}
 m - 3 scrolls of noise {unknown}
 r - 5 scrolls of teleportation {unknown}
 t - a scroll of summoning {unknown}
 y - a scroll of vulnerability {unknown}
 z - a scroll of fog {unknown}
 B - 2 scrolls of acquirement {unknown}
 C - 2 scrolls of torment {unknown}
 J - a scroll of revelation {unknown}
 K - a scroll of silence {unknown}
 L - a scroll of poison {unknown}
Potions
 i - 2 potions of might
 j - a potion of brilliance {unknown}
 l - 2 potions of lignification {unknown}
 v - 2 potions of enlightenment {unknown}
 E - 2 potions of haste {unknown}
 F - a potion of curing {unknown}
 I - a potion of heal wounds {unknown}


   Skills:
 + Level 4.3 Fighting
 + Level 5.4 Long Blades
 - Level 0.7 Throwing
 + Level 3.6 Armour
 + Level 4.8 Dodging
 + Level 1.7 Shields
 * Level 6.2 Spellcasting
 * Level 6.2 Conjurations
 * Level 6.2 Hexes
 * Level 6.2 Summonings
 * Level 6.2 Necromancy
 * Level 6.2 Translocations
 * Level 6.2 Transmutations
 * Level 6.2 Fire Magic
 * Level 6.2 Ice Magic
 * Level 6.2 Air Magic
 * Level 6.2 Earth Magic
 * Level 6.2 Poison Magic
 * Level 0.7 Invocations


You knew the following spells:

 Your Spells              Type           Power      Damage    Failure   Level
a - Scorch                Fire           72%        2d8       1%          2
b - Lesser Beckoning      Tloc           72%        N/A       1%          2
c - Vhi's Electric Charg  Tloc/Air       72%        N/A       3%          3
d - Teleport Other        Tloc           36%        N/A       3%          3
e - Manifold Assault      Tloc           36%        N/A       13%         4
f - Sting                 Tmut/Pois      100%       1d8       1%          1
g - Blink                 Tloc           72%        N/A       1%          2
h - Mephitic Cloud        Conj/Pois/Air  36%        N/A       3%          3
i - Tukima's Dance        Hex            36%        N/A       3%          3
Your spell library was empty.

Dungeon Overview and Level Annotations

Branches:
Dungeon (7/15)             Temple (1/1) D:7

Altars:
Ashenzari
Dithmenos
Elyvilon
Fedhas
Gozag
Hepliaklqana
Makhleb
Nemelex Xobeh
Okawaru
Qazlal
Ru
Trog
Uskayaw
Wu Jian
Xom
Yredelemnul
Zin
The Shining One

Shops:
D:2 !   D:7 :


Innate Abilities, Weirdness & Mutations

You are immune to sickness and miasma.
You are immune to poison.
Your flesh is very heat resistant. (rF++)
You are vulnerable to cold. (rC-)
You float through the air rather than walking.
You learn spells naturally, not from books.
Your magical power is your life essence.
You have superior vitality. (+4 MHP)


Message History

The orc priest hits you with a +0 whip. Something hits you.
Casting: Scorch (safe; 1% risk of failure)
Confirm with . or Enter, or press ? or * to list all spells.
Flames lash the orc warrior.
The orc warrior is burned terribly!
The orc warrior is severely wounded.
The orc warrior hits you with a +0 battleaxe!
* * * LOW HITPOINT WARNING * * *
The orc priest misses you.
The sky beast flickers out of sight!
You hear some strange, mumbled words.
A magic dart appears from out of thin air!
The magic dart hits you.
* * * LOW HITPOINT WARNING * * *
Okay, then.
Okay, then.
Okay, then.
Aiming: Fastroot
Press: ? - help, Shift-Dir - straight line, f - orc priest
Aim: an orc priest, wielding a +0 whip and wearing a +0 leather armour (heavily wounded, more vulnerable to fire)
The roots erupt in riotous growth!
Roots grab the orc priest.
Roots grab the orc warrior.
Roots grab something. x2
The grasping roots constrict something.
The grasping roots constrict the orc warrior.
The grasping roots constrict something.
Reactivating autopickup.
You feel a bit more experienced.
The grasping roots constrict the orc priest.
The orc warrior barely misses you. The orc priest hits you with a +0 whip.
* * * LOW HITPOINT WARNING * * *
Aiming: Fastroot
Press: ? - help, Shift-Dir - straight line, f - you, p - orc priest The roots erupt in riotous growth!
Roots grab something.
The orc warrior is unaffected.
The orc priest is unaffected.
The grasping roots constrict something.
The grasping roots constrict the orc warrior.
The grasping roots constrict the orc priest.
You kill the orc priest!
The roots release their grip on the orc warrior.
The orc warrior hits you with a +0 battleaxe!
You die... .ooo.

#......#......#
..Y...#......#......#
......#......#......#
..o...'......#......#
#o.....#......#
#o.....#......#
#'######.)....#
####..#....†######
#@{.).#.....# #
#o)...#.....# #
#.....#.....# #
.....#######.....######
#.....................#
#.....................#
#.....................#
#.....................#
#.....................#


You could see an orc warrior (combustible).

Vanquished Creatures
  Eustachio (D:5)
  A water moccasin (D:7)
  A black bear (D:4)
  2 sky beasts (D:7)
  An ogre (D:7)
  2 ice beasts (D:6)
  2 centaurs
  A phantom (D:7)
  A gnoll sergeant (D:6)
  2 jellies
  4 howler monkeys
  A hound (D:4)
  4 orc priests
  4 sleepcaps
  2 iguanas
  3 orc wizards
  14 adders
  10 gnolls
  A shadow imp (D:6)
  3 white imps
  An ufetubus (D:6)
  3 worms
  A dart slug (D:1)
  11 orcs
  4 ball pythons
  8 endoplasms
  3 giant cockroaches
  A goblin (D:1)
  3 hobgoblins
  8 jackals
  6 quokkas
  6 bats
  3 frilled lizards
  7 kobolds
  7 rats
132 creatures vanquished.

Notes
Turn   | Place    | Note
-------+----------+-------------------------------------------
     0 | D:1      | lyrin the Djinni Warper began the quest for the Orb.
     0 | D:1      | lyrin set off with the following spells memorised: Blink,
                  | Lesser Beckoning, Vhi's Electric Charge, Teleport Other,
                  | Manifold Assault.
     0 | D:1      | Reached XP level 1. HP: 18/18 MP: 0/0
   214 | D:1      | Reached XP level 2. HP: 18/23 MP: 0/0
   347 | D:1      | You are sucked into a shaft and drop 1 floor!
   385 | D:2      | Reached XP level 3. HP: 25/29 MP: 0/0
   385 | D:2      | Learned a level 1 spell: Sting
  1047 | D:2      | Found Zoss's Distillery.
  1285 | D:2      | Reached XP level 4. HP: 29/34 MP: 0/0
  1313 | D:2      | Identified the scarf "Vuoloeba" {+Inv, rPois Will++ Str-4}
  1884 | D:3      | Reached XP level 5. HP: 39/39 MP: 0/0
  1884 | D:3      | Learned a level 2 spell: Scorch
  2169 | D:3      | Found a faded altar of an unknown god.
  2306 | D:3      | Found an ornate altar of the Wu Jian Council.
  2306 | D:3      | Found a hazy altar of Hepliaklqana.
  2489 | D:4      | Noticed a black bear
  2499 | D:4      | Reached XP level 6. HP: 37/45 MP: 0/0
  2940 | D:4      | Identified the +1 whip "Cuismic" {freeze, MP+9 Str+2}
  3158 | D:4      | Reached XP level 7. HP: 46/50 MP: 0/0
  3158 | D:4      | Learned a level 3 spell: Mephitic Cloud
  3171 | D:4      | Reached skill level 1 in Shields
  3513 | D:5      | Entered Level 5 of the Dungeon
  4095 | D:5      | Reached skill level 5 in Long Blades
  4446 | D:5      | Reached XP level 8. HP: 53/58 MP: 0/0
  4736 | D:6      | Noticed Eustachio
  4768 | D:5      | Killed Eustachio
  5338 | D:6      | Reached skill level 5 in Spellcasting
  5338 | D:6      | Reached skill level 5 in Conjurations
  5338 | D:6      | Reached skill level 5 in Hexes
  5338 | D:6      | Reached skill level 5 in Summonings
  5338 | D:6      | Reached skill level 5 in Necromancy
  5338 | D:6      | Reached skill level 5 in Translocations
  5338 | D:6      | Reached skill level 5 in Transmutations
  5338 | D:6      | Reached skill level 5 in Fire Magic
  5338 | D:6      | Reached skill level 5 in Ice Magic
  5338 | D:6      | Reached skill level 5 in Air Magic
  5338 | D:6      | Reached skill level 5 in Earth Magic
  5338 | D:6      | Reached skill level 5 in Poison Magic
  5338 | D:6      | Reached XP level 9. HP: 58/62 MP: 0/0
  5338 | D:6      | Learned a level 3 spell: Tukima's Dance
  5476 | D:7      | Found Nuerch's Book Shop.
  5734 | D:7      | Found a staircase to the Ecumenical Temple.
  5749 | Temple   | Entered the Ecumenical Temple
  5790 | Temple   | Became a worshipper of Elyvilon the Healer
  5950 | D:7      | Slain by an orc warrior

Illustrated notes

Levels and vault maps discovered:
D:1:      erik_arrival_orb_chamber, layout_loops_ring, serial_bayou_crossing
D:2:      layout_loops_corners, serial_shops, shop
D:3:      layout_rooms, gammafunk_temple_overflow_elements,
          ebering_ecumenical_altar_webs
D:4:      layout_rooms
D:5:      layout_loops_corners
D:6:      kennysheep_spiral_hall, layout_rooms, nicolae_half_adder,
          uniq_eustachio
D:7:      layout_gridville, minmay_temple_entry_trees, serial_shops,
          nicolae_diamond_shop
Temple:   hellmonk_temple_of_storms

Skill      XL: |  1  2  3  4  5  6  7  8  9 |
---------------+----------------------------+-----
Long Blades    | 2 3 4 5 |  5.4
Dodging        | 3 4 |  4.8
Armour         | 2 3 |  3.6
Fighting       | 3 4 |  4.3
Spellcasting   | 3 5 6 |  6.2
Conjurations   | 3 5 6 |  6.2
Hexes          | 3 5 6 |  6.2
Summonings     | 3 5 6 |  6.2
Necromancy     | 3 5 6 |  6.2
Translocations | 3 5 6 |  6.2
Transmutations | 3 5 6 |  6.2
Fire Magic     | 3 5 6 |  6.2
Ice Magic      | 3 5 6 |  6.2
Air Magic      | 3 5 6 |  6.2
Earth Magic    | 3 5 6 |  6.2
Poison Magic   | 3 5 6 |  6.2
Shields        | 1 |  1.7
Throwing       | |  0.7
Invocations    | |  0.7

Action                     |  1- 3 |  4- 6 |  7- 9 || total
---------------------------+-------+-------+-------++-------
  Melee: Falchion          |    72 |   255 |   124 ||   451
  Throw: Dart              |       |       |     4 ||     4
   Cast: Scorch            |       |     2 |   108 ||   110
         Blink             |       |     2 |     3 ||     5
  Evoke: Wand              |       |       |     2 ||     2
    Use: Scroll            |       |       |     1 ||     1
         Potion            |       |       |     1 ||     1
   Stab: Sleeping          |     1 |       |       ||     1
 Armour: Leather armour    |    25 |   126 |    43 ||   194
  Dodge: Dodged            |    41 |   187 |   117 ||   345
  Block: Buckler           |       |    37 |    30 ||    67

Table legend: (Time is in decaauts)
 A = Elapsed time spent in this place.
 B = Non-inter-level travel time spent in this place.
 C = Inter-level travel time spent in this place.
 D = Time resting spent in this place.
 E = Time spent auto-exploring this place.
 F = Levels seen in this place.
 G = Mean time per level.
                   A        B        C        D        E       F      G
               +--------+--------+--------+--------+--------+-----+--------+
         Total |   6033 |   5720 |    313 |    634 |   3461 |   8 |  754.1 |
       Dungeon |   5987 |   5678 |    309 |    634 |   3457 |   7 |  855.3 |
        Temple |     46 |     42 |      4 |      0 |      4 |   1 |   46.0 |
               +--------+--------+--------+--------+--------+-----+--------+

Top non-repeatable levels by time:
     D:5: 1099 daAuts
     D:2: 1063 daAuts
     D:4: 954 daAuts
     D:6: 852 daAuts
     D:3: 807 daAuts
     D:1: 770 daAuts
     D:7: 438 daAuts
  Temple: 46 daAuts
